 Dungeon Crawl Stone Soup version 0.30.0-18-gc0e69614cb (webtiles) character file.

Game seed: 1812507760910942516

121981 Mahakala the Warrior (level 16, -3/165 HPs)
             Began as a Minotaur Berserker on May 25, 2023.
             Was the Champion of Trog.
             Slain by a bunyip (21 damage)
             ... on level 2 of the Swamp.
             The game lasted 01:42:03 (27623 turns).

Mahakala the Warrior (Minotaur Berserker)          Turns: 27623, Time: 01:42:04

Health: -3/165     AC: 29    Str: 36    XL:     16   Next: 33%
Magic:  15/15      EV: 10    Int:  6    God:    Trog [******]
Gold:   2071       SH:  0    Dex: 10    Spells: 15/15 levels left

rFire   . . .        a - +1 battleaxe (spect)
rCold   + . .        (shield currently unavailable)
rNeg    . . .        Y - +2 plate armour {rC+}
rPois   +            (helmet restricted)
rElec   .            k - +0 cloak of the Beginning {Slay+2}
rCorr   .            T - +2 pair of gloves "Heedauxa" {Str+2 Slay+3}
SInv    .            h - +0 pair of boots
Will    +....        K - amulet of regeneration Stlth
                     H - ring of poison resistance
HPRegen 1.27/turn    N - +6 ring of strength
MPRegen 0.14/turn

%: no passive effects
@: hasted and slowed
A: horns 2, retaliatory headbutt
a: Renounce Religion, Berserk, Trog's Hand, Brothers in Arms


You were on level 2 of the Swamp.
You worshipped Trog.
Trog was exalted by your worship.
You visited 4 branches of the dungeon, and saw 24 of its levels.
You also visited: Gauntlet.

You collected 2397 gold pieces.
You spent 326 gold pieces at shops.

Inventory:

Hand Weapons
 a - a +1 spectral battleaxe (weapon)
 W - a +0 executioner's axe of flaming
 Z - a +3 battleaxe of flaming
Missiles
 b - 6 boomerangs
 f - 41 poisoned darts (quivered)
 j - 4 silver boomerangs
 p - 5 silver javelins
 D - 2 throwing nets {!f}
 S - 6 datura-tipped darts {!f}
 V - 6 atropa-tipped darts {!f}
Armour
 h - a +0 pair of boots (worn)
 k - the +0 cloak of the Beginning (worn) {Slay+2}
   (You found it in a Gauntlet)

   Slay:      It affects your accuracy & damage with ranged weapons and melee
   (+2).
 T - the +2 pair of gloves "Heedauxa" (worn) {Str+2 Slay+3}
   (You acquired it on level 3 of the Lair of Beasts)

   Str:       It affects your strength (+2).
   Slay:      It affects your accuracy & damage with ranged weapons and melee
   (+3).
 Y - a +2 plate armour of cold resistance (worn)
Jewellery
 q - a ring of protection from fire
 F - the ring of Hucefem {rC- Str+4 Slay+4 Stlth+}
   (You took it off a minotaur in a Gauntlet)

   [ring of slaying]

   Str:       It affects your strength (+4).
   Slay:      It affects your accuracy & damage with ranged weapons and melee
   (+4).
   rC:        It makes you vulnerable to cold.
   Stlth:     It makes you more stealthy.
 H - a ring of poison resistance (left hand)
 K - an amulet of regeneration (around neck)
 N - a +6 ring of strength (right hand)
 O - a ring of resist corrosion
Wands
 c - a wand of mindburst (6)
 d - a wand of roots (12)
 t - a wand of flame (22)
 u - a wand of charming (31)
 v - a wand of digging (5)
 x - a wand of acid (6)
 L - a wand of polymorph (8)
Scrolls
 i - 3 scrolls of blinking {@r3}
 l - 3 scrolls of silence
 m - 2 scrolls of poison
 n - a scroll of vulnerability
 o - 7 scrolls of teleportation {@r4}
 w - 4 scrolls of magic mapping
 y - 6 scrolls of fear
 B - a scroll of brand weapon
 E - 4 scrolls of fog
 G - 3 scrolls of immolation
 I - 2 scrolls of enchant armour
 J - 2 scrolls of butterflies
Potions
 e - 2 potions of flight
 g - 4 potions of curing {@q1}
 s - 3 potions of attraction
 z - a potion of ambrosia
 A - a potion of lignification
 C - 4 potions of heal wounds {@q2}
 P - 2 potions of resistance
 Q - 2 potions of haste {@q3}
 R - a potion of cancellation
 U - 3 potions of invisibility
 X - 3 potions of might
Miscellaneous
 r - a phial of floods (inert)
 M - a phantom mirror


   Skills:
 + Level 20.8 Fighting
 - Level 20.0 Axes
 + Level 20.5 Armour
 - Level 4.0 Dodging
 - Level 4.0 Shields
 + Level 11.1 Evocations


You had 15 spell levels left.
You didn't know any spells.
Your spell library was empty.

Dungeon Overview and Level Annotations

Branches:
Dungeon (15/15)            Temple (0/1) D:4            Lair (5/5) D:8
  Swamp (2/4) Lair:3       Spider (0/4) Lair:2          Orc (2/2) D:9
    Elf (0/3) Orc:2        Vaults (0/5) D:14         Depths (0/4) D:15
Gauntlet (visited)
  Slime: Lair:4-5

Altars:
Ashenzari
Cheibriados
Dithmenos
Gozag
Hepliaklqana
Nemelex Xobeh
Uskayaw
Wu Jian
The Shining One
Jiyva

Shops:
D:1 =   D:5 ?   D:9 ?   Orc:1 [   Orc:2 *[=(

Portals:
Trove: D:15 (give +6 fire dragon scales)

Annotations:
D:6 2 transporters, thug444's ghost, novice OgBe
D:7 1 runed translucent door, Crazy Yiuf
D:15 Roxanne
Lair:4 exclusion: oklob plant


Innate Abilities, Weirdness & Mutations

You have a pair of horns on your head.
You reflexively headbutt those who attack you in melee.


Message History

* * * LOW HITPOINT WARNING * * *
The alligator barely misses you.
You open the alligator like a pillowcase!!!
You headbutt the alligator.
You kill the alligator!
Trog accepts your kill.
Your +1 spectral battleaxe disappears.
The bunyip howls a warning cry!
The swamp worm fires a harpoon shot at you.
The harpoon shot hits you but does no damage.
The spriggan rider throws a curare-tipped dart.
The curare-tipped dart hits you.
You have difficulty breathing.
* * * LOW HITPOINT WARNING * * *
You feel yourself slow down.
The bunyip claws you but does no damage.
The bunyip misses you.
The bunyip claws you but does no damage.
The swamp worm fires a harpoon shot at you.
The harpoon shot hits you but does no damage.
You see here an alligator corpse.
The spriggan rider throws a curare-tipped dart.
The curare-tipped dart barely misses you.
The spriggan rider hits you from afar with a +0 spear!
* * * LOW HITPOINT WARNING * * *
A goliath frog comes into view.
The bunyip howls a warning cry!
The spriggan rider barely misses you.
The spriggan rider hits you but does no damage.
You hear a roar!
The bunyip claws you!
* * * LOW HITPOINT WARNING * * *
The bunyip closely misses you. x2; The spriggan rider closely misses you.
The spriggan rider hits you from afar with a +0 spear.
* * * LOW HITPOINT WARNING * * *
The spriggan rider closely misses you. The bunyip claws you!!
* * * LOW HITPOINT WARNING * * *
The bunyip claws you.
* * * LOW HITPOINT WARNING * * *
The bunyip claws you!!
You die...

♣♣xi.!♣~~.~~~~..♣~~...~..
♣.i♣.♣.~~.~~.♣~§~...~~~~.
x~~~.♣♣.~.~~.~~~..~♣~~~..
<~F.♣♣.~~~.~.)~~.~~~w♣.~~
~.♣♣♣ ♣.~~.§F~~.~.†§~~.~~
♣♣♣ ♣..~.~~~.~~~.~~..~. ♣
♣♣.~~.†..~†ii♣~~~..
♣♣$.)§~~~xx~i~...~~
♣.♣~~~~~~~@..§♣♣~~~
♣♣.)~~~†..♣♣♣♣♣
♣~~.~~†<♣♣♣ ♣♣..~~..♣
♣~~~~~♣♣ ♣♣~~..♣ ♣...♣♣
♣...♣♣ ♣♣.♣♣


You could see 2 bunyips, 3 spriggan riders, a goliath frog and a swamp worm.

Vanquished Creatures
  Jorgrun (Swamp:2)
  Agnes (D:15)
  A stone giant (D:15)
  2 orc warlords
  Nessos (D:14)
  An eleionoma (Lair:3)
  A minotaur (Gauntlet)
  Josephine (D:13)
  Harold (D:10)
  3 hydras
  8 alligators
  5 centaur warriors
  4 ogre magi
  27 two-headed ogres
  6 death yaks
  5 tengu warriors
  5 orc high priests
  3 skysharks
  5 goliath frogs
  A spriggan druid (Swamp:1)
  2 bog bodies (Swamp:1)
  2 wizards (D:14)
  4 orc knights
  A necromancer (D:14)
  4 deep elf pyromancers
  19 ugly things
  4 orc sorcerers (Orc:2)
  5 cyclopes
  3 manticores
  3 will-o-the-wisps (Swamp:1)
  7 elephants
  2 black mambas (Lair:4)
  An unseen horror (D:13)
  12 cane toads
  3 tengu conjurers
  5 komodo dragons
  A freezing wraith (D:14)
  A queen bee (Gauntlet)
  8 trolls
  6 polar bears
  15 hornets
  3 tyrant leeches
  A hornet (shapeshifter) (D:15)
  12 blink frogs
  A dream sheep (Lair:5)
  8 slime creatures
  A jumping spider (Lair:2)
  14 flying skulls (Gauntlet)
  Sigmund (D:2)
  3 water elementals (D:15)
  20 spriggans
  10 shadows
  A centaur simulacrum (D:11)
  48 yaks
  3 wyverns
  6 wraiths
  A basilisk (Lair:5)
  6 vampire mosquitoes
  5 steam dragons
  A redback (Lair:2)
  A two-headed ogre zombie (D:9)
  3 wargs (Orc:2)
  8 swamp worms
  2 acid dragons (D:11)
  8 water moccasins
  34 orc warriors
  3 black bears
  A sky beast (D:7)
  2 swamp drakes
  13 ogres
  11 centaurs
  22 wolves (Lair:5)
  10 boggarts
  9 bullfrogs
  2 kobold brigands (D:9)
  A phantom (D:9)
  3 scorpions
  3 wights (D:8)
  A troll zombie (D:9)
  8 killer bees
  7 electric eels
  9 howler monkeys
  A quasit (D:7)
  5 hounds
  24 orc priests
  5 iguanas
  2 jellies (D:7)
  A gnoll bouda (D:8)
  3 sleepcaps
  27 orc wizards
  6 ogre zombies (D:9)
  7 gnolls
  6 adders
  A shadow imp (D:7)
  2 white imps
  3 ufetubi (D:7)
  A worm (D:5)
  A dart slug (D:1)
  91 orcs
  A ball python (D:3)
  4 endoplasms
  7 goblins
  4 hobgoblins
  3 jackals (D:4)
  A quokka (D:5)
  3 bats
  3 frilled lizards
  A goblin skeleton (D:9)
  5 goblin zombies (D:9)
  2 hobgoblin zombies (D:9)
  10 kobolds
  4 orc skeletons (D:9)
  13 orc zombies (D:9)
  8 rats
751 creatures vanquished.

Vanquished Creatures (others)
  A vampire mosquito (Swamp:2)
  A steam dragon (D:8)
  An orc (D:7)
  16 foxfires (Swamp:1)
  3 spectral weapons
22 creatures vanquished.

Grand Total: 773 creatures vanquished

Notes
Turn   | Place    | Note
-------+----------+-------------------------------------------
     0 | D:1      | Mahakala the Minotaur Berserker began the quest for the
                  | Orb.
     0 | D:1      | Reached XP level 1. HP: 19/19 MP: 0/0
    48 | D:1      | Found Abritesm's Jewellery Shop.
   296 | D:1      | Reached XP level 2. HP: 27/27 MP: 1/1
   673 | D:2      | Noticed Sigmund
   681 | D:2      | Killed Sigmund
   682 | D:2      | Reached skill level 5 in Axes
   682 | D:2      | Reached XP level 3. HP: 34/34 MP: 2/2
   682 | D:2      | Reached XP level 4. HP: 41/41 MP: 3/3
   682 | D:2      | Reached XP level 5. HP: 47/47 MP: 4/4
   795 | D:2      | Found a broken altar of Ashenzari.
  1633 | D:3      | Reached skill level 5 in Fighting
  1889 | D:3      | Reached ** piety under Trog
  1929 | D:3      | Reached skill level 1 in Shields
  1929 | D:3      | Reached XP level 6. HP: 56/56 MP: 5/5
  2201 | D:3      | Found a faded altar of an unknown god.
  2345 | D:4      | Found a staircase to the Ecumenical Temple.
  2413 | D:4      | Found an ornate altar of the Wu Jian Council.
  2999 | D:5      | Entered Level 5 of the Dungeon
  2999 | D:5      | Found Mioc Qei's Magic Scroll Boutique.
  3053 | D:5      | Bought a scroll of blinking for 112 gold pieces
  3291 | D:5      | Noticed a water moccasin
  3304 | D:5      | Killed a water moccasin
  3305 | D:5      | Reached XP level 7. HP: 35/62 MP: 6/6
  4376 | D:6      | Found a hazy altar of Hepliaklqana.
  4491 | D:6      | Found a transporter.
  4492 | D:6      | Found a transporter.
  4492 | D:6      | Noticed thug444's ghost (novice OgBe)
  4541 | D:6      | Reached *** piety under Trog
  4542 | D:6      | Reached XP level 8. HP: 73/73 MP: 7/7
  4865 | D:6      | Reached skill level 10 in Axes
  5057 | D:7      | Found a shadowy altar of Dithmenos.
  5339 | D:7      | Reached XP level 9. HP: 75/79 MP: 8/8
  5576 | D:7      | Found a runed translucent door.
  5577 | D:7      | Noticed Crazy Yiuf
  5612 | D:7      | Found a hide-covered altar of Uskayaw.
  5987 | D:8      | Noticed a death yak
  6517 | D:8      | Found a sparkling altar of Nemelex Xobeh.
  6520 | D:8      | Found a snail-covered altar of Cheibriados.
  6524 | D:8      | Found a glowing golden altar of the Shining One.
  6843 | D:8      | Noticed a death yak
  6869 | D:7      | Killed a death yak
  6870 | D:7      | Reached skill level 5 in Armour
  7081 | D:8      | Noticed a death yak
  7102 | D:7      | Reached XP level 10. HP: 70/89 MP: 9/9
  7176 | D:7      | Killed a death yak
  7493 | D:8      | Found a staircase to the Lair.
  7938 | D:8      | Killed a death yak
  8291 | D:9      | Reached **** piety under Trog
  8322 | D:9      | Found an opulent altar of Gozag.
  8844 | D:9      | Found Pionur's Magic Scroll Emporium.
  8848 | D:9      | Bought a scroll of fog for 52 gold pieces
  8848 | D:9      | Bought a scroll of blinking for 97 gold pieces
  8893 | D:9      | Reached skill level 10 in Fighting
  9249 | D:9      | Found a staircase to the Orcish Mines.
  9906 | D:10     | Entered Level 10 of the Dungeon
 10029 | D:10     | Noticed Harold
 10038 | D:10     | Killed Harold
 10039 | D:10     | Reached XP level 11. HP: 77/101 MP: 10/10
 10359 | D:10     | Found a broken altar of Ashenzari.
 10441 | D:10     | Reached skill level 10 in Armour
 10816 | Lair:1   | Entered Level 1 of the Lair of Beasts
 11260 | Lair:1   | Reached skill level 15 in Axes
 13032 | Lair:1   | Reached XP level 12. HP: 63/112 MP: 11/11
 13592 | Lair:2   | Found a hole to the Spider Nest.
 14035 | Lair:2   | Reached ***** piety under Trog
 15389 | Lair:3   | Identified 4 scrolls of acquirement
 15389 | Lair:3   | Acquired a +1 war axe of flaming
 15394 | Lair:3   | Acquired a manual of Fighting
 15396 | Lair:3   | Acquired the +2 pair of gloves "Heedauxa" {Str+2 Slay+3}
 15403 | Lair:3   | Acquired a manual of Armour
 15421 | Lair:3   | Noticed a six-headed hydra
 15442 | Lair:3   | Killed a two-headed hydra
 15683 | Lair:3   | Found the +4 robe of Folly {Brill Will-∞ Int+8}
 16051 | Lair:3   | Found a staircase to the Swamp.
 16352 | Lair:4   | Noticed a death yak
 16352 | Lair:4   | Noticed a death yak
 16352 | Lair:4   | Noticed a death yak
 16640 | Lair:3   | Killed a death yak
 16804 | Lair:4   | Found a viscous altar of Jiyva.
 17025 | Lair:4   | Killed a death yak
 17029 | Lair:4   | Killed a death yak
 17130 | Lair:5   | Entered Level 5 of the Lair of Beasts
 17166 | Lair:5   | Reached XP level 13. HP: 116/123 MP: 12/12
 18088 | Lair:5   | Reached skill level 15 in Fighting
 18093 | Lair:5   | Reached skill level 15 in Armour
 18110 | Lair:5   | Received a gift from Trog
 19753 | D:12     | Found a gate leading to a gauntlet.
 19780 | Gauntlet | Entered a Gauntlet
 19780 | Gauntlet | Found a large runed translucent door.
 19780 | Gauntlet | Found a large runed translucent door.
 19780 | Gauntlet | Found a large runed translucent door.
 19780 | Gauntlet | Found a large runed translucent door.
 19780 | Gauntlet | Found a large runed translucent door.
 19780 | Gauntlet | Found a large runed translucent door.
 19780 | Gauntlet | Found a runed translucent door.
 19780 | Gauntlet | Found a transporter.
 19780 | Gauntlet | Found a transporter.
 19780 | Gauntlet | Found a runed translucent door.
 19780 | Gauntlet | Found a large runed translucent door.
 19780 | Gauntlet | Found a large runed translucent door.
 19780 | Gauntlet | Found a large runed translucent door.
 19780 | Gauntlet | Found a large runed translucent door.
 19780 | Gauntlet | Found a large runed translucent door.
 19780 | Gauntlet | Found a large runed translucent door.
 19785 | Gauntlet | Found a transporter.
 19800 | Gauntlet | Found a transporter.
 19807 | Gauntlet | Noticed a dire elephant
 19817 | Gauntlet | Found a transporter.
 19829 | Gauntlet | Found a transporter.
 19922 | Gauntlet | Found a transporter.
 19923 | Gauntlet | Found a transporter.
 19934 | Gauntlet | Found a transporter.
 19942 | Gauntlet | Found a transporter.
 19942 | Gauntlet | Found a transporter.
 19968 | Gauntlet | Found a transporter.
 19971 | Gauntlet | Found a transporter.
 19996 | Gauntlet | Found a large runed translucent door.
 19997 | Gauntlet | Found a large runed translucent door.
 19999 | Gauntlet | Found a runed translucent gate.
 20013 | Gauntlet | Found a runed translucent gate.
 20014 | Gauntlet | Found a runed translucent gate.
 20016 | Gauntlet | Found a large runed translucent door.
 20017 | Gauntlet | Found a large runed translucent door.
 20029 | Gauntlet | Found a transporter.
 20045 | Gauntlet | Found a transporter.
 20063 | Gauntlet | Found a transporter.
 20469 | Gauntlet | Reached skill level 1 in Evocations
 20606 | Gauntlet | Reached XP level 14. HP: 138/138 MP: 13/13
 20613 | Gauntlet | Identified the +0 cloak of the Beginning {Slay+2}
 20670 | Gauntlet | Identified the ring of Hucefem {rC- Str+4 Slay+4 Stlth+}
 21149 | D:13     | Found a snail-covered altar of Cheibriados.
 21380 | D:13     | Reached skill level 5 in Evocations
 21443 | D:13     | Reached ****** piety under Trog
 21564 | D:13     | Noticed Josephine
 21572 | D:13     | Killed Josephine
 22174 | D:14     | Identified the +0 leather armour of Axturr {rCorr Int+3}
 22318 | D:14     | Received a gift from Trog
 22451 | D:14     | Found a gate to the Vaults.
 22647 | D:14     | Noticed Nessos
 22653 | D:14     | Killed Nessos
 22775 | D:15     | Entered Level 15 of the Dungeon
 22775 | D:15     | Identified Roxanne's Parchment of Clay
 22775 | D:15     | Noticed Roxanne
 22822 | D:15     | Noticed Agnes
 22830 | D:15     | Killed Agnes
 23062 | D:15     | Reached XP level 15. HP: 119/149 MP: 14/14
 23105 | D:15     | Reached skill level 10 in Evocations
 23459 | D:15     | Received a gift from Trog
 23873 | D:15     | Found a portal to a secret trove of treasure.
 24094 | D:15     | Found a staircase to the Depths.
 24420 | Orc:1    | Entered Level 1 of the Orcish Mines
 24516 | Orc:1    | Found Ahadid's Antique Armour Boutique.
 24654 | Orc:2    | Entered Level 2 of the Orcish Mines
 25153 | Orc:2    | Received a gift from Trog
 25460 | Orc:2    | Found a staircase to the Elven Halls.
 25974 | Orc:2    | Found Leabboen's Antique Armour Emporium.
 25982 | Orc:2    | Found Nizyp's General Store.
 25982 | Orc:2    | Found Eneifinu's Jewellery Emporium.
 25983 | Orc:2    | Found Wisofo's Antique Weapon Shoppe.
 26283 | Orc:2    | Bought a potion of heal wounds for 65 gold pieces
 26455 | Swamp:1  | Entered Level 1 of the Swamp
 26556 | Swamp:1  | Reached XP level 16. HP: 61/165 MP: 15/15
 26688 | Swamp:1  | Identified the +9 war axe "Utram" {heavy, Will+ Stlth+}
                  | (Trog gifted it to you on level 1 of the Swamp)
 26688 | Swamp:1  | Received a gift from Trog
 26823 | Swamp:1  | HP: 11/247 [tyrant leech[a spriggan druid] (35)]
 27600 | Swamp:2  | Noticed Jorgrun
 27611 | Swamp:2  | Killed Jorgrun
 27623 | Swamp:2  | Slain by a bunyip

Illustrated notes

Levels and vault maps discovered:
D:1:      eino_arrival_cavern_e, layout_loops_ring, serial_shops, shop
D:2:      layout_basic, basic_altar, serial_corexii_hall,
          chequers_hall_statues_wall_a, chequers_hall_statues_y,
          hangedman_abyss_or_decor_stabs, uniq_sigmund
D:3:      layout_basic, hellmonk_ecumenical_altar_pennies_from_heaven
D:4:      layout_rooms, nzn_wu_jian_contemplation, temple_pool_b
D:5:      layout_loops_cross, serial_shops, shop
D:6:      layout_loops_cross, mainiacjoe_overflow_cross_hatched,
          gammafunk_ghost_hive
D:7:      layout_cave_pools, nicolae_dithmenos_through_a_glass_darkly,
          mainiacjoe_overflow_small_starburst, serial_demonic, serial_demonic_g,
          serial_demonic_f, serial_demonic_d, serial_demonic_a, st_stairs_14,
          uniq_crazy_yiuf_cottage
D:8:      layout_basic, grunt_temple_overflow_diamond, dpeg_lair_monsters
D:9:      layout_stronghold, mainiacjoe_overflow_tiny_flanked,
          zombieorc2_lemuel, serial_shops, nicolae_shop_tiny_real_fake_doors,
          nicolae_figureground_sparkle
D:10:     layout_small_grid, lemuel_crystal_altar, uniq_harold
D:11:     layout_grid_maze, minmay_pinched_square
D:12:     layout_cross, gauntlet_entry_generic
D:13:     layout_stronghold, cheibriados_altar_1, uniq_josephine
D:14:     layout_basic, david_vaults_1, minmay_misc_feat_cross, uniq_nessos
D:15:     grunt_enter_depths_snipers, layout_basic, enter_trove_3,
          minmay_misc_feat_doors, uniq_roxanne, uniq_agnes
Lair:1:   layout_layer_cave, grunt_megastairs_1
Lair:2:   layout_layer_cave, spider_nest_entry_a, minmay_hedge_maze,
          infiniplex_staircase_pool_2, grunt_megastairs_4
Lair:3:   layout_regular_city, minmay_swamp_entry_worms, minmay_holes,
          dreamdust_deal_with_the_devil, pdpol_lair_neglected_garden,
          chequers_serial_rivers_small_b, infiniplex_staircase_pool
Lair:4:   layout_cave_shapes, minmay_slime_entry_oklob_enclosed,
          eino_small_chamber_without_monster
Lair:5:   minmay_lair_end_enchanted_forest, layout_small_grid,
          chequers_serial_rivers_marsh, serial_bayou_shore_a
Swamp:1:  layout_basic_swamp, evilmike_swamp_ruin_house_1
Swamp:2:  layout_falls_marsh, hangedman_swamp_ruin_wall, uniq_jorgrun
Orc:1:    layout_caves, basic_altar, serial_shops,
          nicolae_shop_overgrown_old_shop
Orc:2:    st_orc_congregation, layout_diamond_mine

Skill      XL: |  1  2  3  4  5  6  7  8  9 10 11 12 13 14 15 16 |
---------------+-------------------------------------------------+-----
Axes           | 4 5 6 7 9 12 14 16 18 20 | 20.0
Fighting       | 4 5 7 8 10 12 13 16 18 20 | 20.8
Armour         | 3 4 5 9 11 13 16 18 20 | 20.5
Shields        | 1 2 3 4 |  4.0
Dodging        | 4 |  4.0
Evocations     | 1 9 10 11 | 11.1

Action                     |  1- 3 |  4- 6 |  7- 9 | 10-12 | 13-15 | 16-18 || total
---------------------------+-------+-------+-------+-------+-------+-------++-------
  Melee: Hand axe          |    20 |   142 |   324 |   121 |       |       ||   607
         Headbutt          |     4 |    17 |    72 |   130 |   149 |    14 ||   386
         Battleaxe         |       |       |       |   414 |   691 |    58 ||  1163
         War axe           |       |       |       |     6 |       |       ||     6
         Executioner's axe |       |       |       |       |     4 |       ||     4
  Throw: Dart              |       |     2 |     4 |    18 |    17 |       ||    41
 Invoke: Berserk           |     1 |     3 |     6 |    10 |     4 |     1 ||    25
         Trog's Hand       |       |       |     1 |       |     8 |       ||     9
         Brothers in Arms  |       |       |       |       |     1 |       ||     1
  Evoke: Wand              |       |       |     3 |     3 |    10 |       ||    16
         Phial of floods   |       |       |       |       |       |     1 ||     1
    Use: Scroll            |       |     5 |     5 |    12 |     8 |     1 ||    31
         Potion            |       |     3 |       |     4 |     2 |     1 ||    10
   Stab: Distracted        |       |       |       |       |     4 |     2 ||     6
 Armour: Chain mail        |     7 |    74 |   117 |    55 |       |       ||   253
         Plate armour      |       |       |       |   176 |   387 |    55 ||   618
  Dodge: Dodged            |     9 |    53 |    89 |   191 |   248 |    26 ||   616
  Block: Buckler           |       |    16 |    53 |    16 |       |       ||    85
